 Dungeon Crawl Stone Soup version 0.22.0-18-ge075c0d (console) character file.

836 TAS2012 the Chopper (level 7, -5/54 HPs)
             Began as a Gnoll Chaos Knight on Aug 18, 2018.
             Splashed by a jelly's acid (7 damage)
             ... on level 6 of the Dungeon on Aug 19, 2018.
             The game lasted 00:12:37 (5333 turns).

TAS2012 the Chopper (Gnoll Chaos Knight)            Turns: 5333, Time: 00:12:38

Health: -5/54      AC:  0    Str: 14    XL:     7   Next: 99%
Magic:  20/20      EV: 14    Int: 12    God:    Xom [*.....]
Gold:   83         SH:  0    Dex: 20    Spells: 11/11 levels left

rFire    . . .     SeeInvis .   a - +0 hand axe (chaos)
rCold    . . .     Gourm    .   z - +0 buckler (curse)
rNeg     . . .     Faith    .   y - +1 robe of Tamil {rElec MP+9} (curse)
rPois    .         Spirit   .   l - +0 helmet
rElec    +         Reflect  .   (no cloak)
rCorr    .         Harm     .   (no gloves)
MR       .....                  (no boots)
Stlth    +.........             (no amulet)
HPRegen  0.18/turn              s - +5 ring of dexterity
MPRegen  0.17/turn              (no ring)

@: confused, lethally poisoned (-5 -> -7), corroded
A: distributed training, fangs 1, blurry vision 1, deformed body, dopey 2, frail
1, strong nose
a: Renounce Religion


You were on level 6 of the Dungeon.
You worshipped Xom.
You were a special plaything of Xom.
You were not hungry.

You visited 2 branches of the dungeon, and saw 7 of its levels.

You collected 186 gold pieces.
You spent 103 gold pieces at shops.

Inventory:

Hand Weapons
 a - a +0 hand axe of chaos (weapon)
 k - a +2 short sword of holy wrath
 o - a +0 flail
 v - a +0 blowgun
Missiles
 u - 6 curare-tipped needles
 w - 8 poisoned needles
Armour
 b - a +2 leather armour
 l - a +0 helmet (worn)
 y - the cursed +1 robe of Tamil (worn) {rElec MP+9}
   (You found it on level 4 of the Dungeon)

   It insulates you from electricity.
   It affects your magic capacity (+9).
   It has a curse placed upon it.
 z - a cursed +0 buckler (worn)
Jewellery
 s - a +5 ring of dexterity (left hand)
Wands
 d - a wand of scattershot (6)
 A - a wand of acid (3)
Scrolls
 e - 3 scrolls of remove curse
 f - 2 scrolls of identify
 i - a scroll of amnesia
 r - a scroll of fog {unknown}
 t - a scroll of blinking {unknown}
Potions
 g - a potion of curing
 j - a potion of cancellation {unknown}
 m - a potion of haste {unknown}
 n - a potion of flight {unknown}
 p - a potion of brilliance {unknown}
 q - a potion of mutation {unknown}
Comestibles
 c - 7 rations
 h - 9 chunks of flesh


   Skills:
 + Level 7.1 Fighting
 + Level 2.7 Short Blades
 + Level 2.7 Long Blades
 + Level 7.1 Axes
 + Level 2.7 Maces & Flails
 + Level 2.7 Polearms
 + Level 2.7 Staves
 + Level 2.7 Slings
 + Level 2.7 Bows
 + Level 2.7 Crossbows
 + Level 2.7 Throwing
 + Level 5.4 Armour
 + Level 3.8 Dodging
 + Level 2.7 Stealth
 + Level 2.7 Shields
 + Level 2.7 Unarmed Combat
 + Level 2.7 Spellcasting
 + Level 2.2 Conjurations
 + Level 2.2 Hexes
 + Level 2.2 Charms
 + Level 2.2 Summonings
 + Level 2.2 Necromancy
 + Level 2.2 Translocations
 + Level 2.2 Transmutations
 + Level 2.2 Fire Magic
 + Level 2.2 Ice Magic
 + Level 2.2 Air Magic
 + Level 2.2 Earth Magic
 + Level 2.2 Poison Magic
 + Level 3.0 Invocations
 + Level 2.7 Evocations


You had 11 spell levels left.
You didn't know any spells.
Your spell library contained the following spells:

 Spells                   Type           Power        Failure   Level  Hunger
 Summon Small Mammal      Summ           #...         12%         1    #......
 Call Imp                 Summ           #.......     17%         2    ###....
 Call Canine Familiar     Summ           #.......     34%         3    ###....
 Summon Guardian Golem    Hex/Summ       #.......     34%         3    ###....
 Summon Ice Beast         Ice/Summ       #.......     75%         4    #####..
 Summon Lightning Spire   Summ/Air       #.......     75%         4    #####..


Dungeon Overview and Level Annotations

Branches:
Dungeon (6/15)             Temple (1/1) D:4

Altars:
Ashenzari
Cheibriados
Dithmenos
Elyvilon
Fedhas
Gozag
Hepliaklqana
Kikubaaqudgha
Makhleb
Nemelex Xobeh
Okawaru
Sif Muna
Trog
Uskayaw
Vehumet
Wu Jian
Xom
Yredelemnul
Zin
The Shining One

Shops:
D:4 [

Annotations:
D:3 stickyfingers's ghost, amateur TeWr
D:5 invis


Innate Abilities, Weirdness & Mutations

Your experience applies equally to all skills.
You have very sharp teeth.
Your uncanny sense of smell can sniff out nearby items.
Scrolls take you a little longer to read.
Armour fits poorly on your strangely shaped body.
You are very dopey. (Int -4)
You are frail. (-10% HP)


Message History

You hit the jelly.
Your hands burn!
The jelly is severely wounded.
You hit something but do no damage.
Nothing appears to happen. "Heh heh heh..."
You are confused.
Something barely misses you.
A hound skeleton comes into view.
The jelly hits you. The acid corrodes you!
You are splashed with acid!
The acid burns!
* * * LOW HITPOINT WARNING * * *
The howler monkey hoots and howls with incredible vigour!
Something bites you.
* * * LOW HITPOINT WARNING * * *
You are poisoned.
Something poisons you! The jelly closely misses you.
Okay, then.
You feel sick. The jelly hits you.
* * * LOW HITPOINT WARNING * * *
You are splashed with acid!
The acid burns!
You die...
Xom thinks this is hilarious!

··· ·▒ ·· ··· ·▒
Z·· ··h· ·▒▒·?·
···?· ▒[··h··
···hh▒▒ ·······
·······▒▒····?··
·········l···%··
▒·<{J······
▒·Z@·······
▒··········
▒··········
▒··········
···········
▒··>········
····▒··▒·▒▒▒
····· ·····


You could see a howler monkey, a jelly, a leopard gecko, 3 jackals, a hound
skeleton (wandering) and a howler monkey skeleton.

Vanquished Creatures
  An ogre (D:3)
  2 scorpions
  A howler monkey (D:5)
  2 crimson imps
  5 hounds (D:5)
  A centaur skeleton (D:4)
  Natasha (thrice) (D:2)
  An iguana (D:4)
  2 worker ants (D:4)
  A hound skeleton (D:4)
  7 adders
  6 gnolls
  An ooze (D:3)
  2 worms (D:3)
  3 dart slugs
  A leopard gecko (D:2)
  6 orcs
  3 bats
  A giant cockroach (D:5)
  10 hobgoblins
  2 jackals (D:1)
  4 quokkas
  2 ball pythons (D:3)
  A frilled lizard (D:2)
  8 goblins
  9 kobolds
  A leopard gecko skeleton (D:4)
  5 rats
91 creatures vanquished.

Vanquished Creatures (collateral kills)
  A hobgoblin (D:1)
  A frilled lizard (D:1)
2 creatures vanquished.

Vanquished Creatures (others)
  A worm (D:3)
1 creature vanquished.

Grand Total: 94 creatures vanquished

Notes
Turn   | Place    | Note
-------+----------+-------------------------------------------
     0 | D:1      | TAS2012 the Gnoll Chaos Knight began the quest for the Orb.
     0 | D:1      | Reached XP level 1. HP: 23/23 MP: 1/1
   223 | D:1      | XOM: noise
   229 | D:1      | Reached XP level 2. HP: 27/29 MP: 2/2
   269 | D:1      | XOM: butterfly on damage
   271 | D:1      | XOM: divination: detect items
   362 | D:1      | XOM: medium Air miscast
   362 | D:1      | XOM: smoke on damage
   457 | D:1      | XOM: medium Tmut miscast
   485 | D:1      | Gained mutation: You are dopey. (Int -2) [mutagenic glow]
   620 | D:1      | XOM: cast spell 'Summon Small Mammal'
   785 | D:1      | XOM: harmless Hex miscast
   913 | D:1      | XOM: cast spell 'Summon Ice Beast'
  1108 | D:2      | Reached XP level 3. HP: 35/35 MP: 3/3
  1127 | D:2      | Reached skill level 1 in Invocations
  1255 | D:2      | XOM: mild Necr miscast
  1291 | D:2      | XOM: 9-stop teleportation journey
  1360 | D:2      | Found a shadowy altar of Dithmenos.
  1460 | D:2      | XOM: give mutation
  1460 | D:2      | Gained mutation: Armour fits poorly on your strangely shaped body. [Xom's mischief]
  1486 | D:2      | Reached skill level 1 in Short Blades
  1486 | D:2      | Reached skill level 1 in Long Blades
  1486 | D:2      | Reached skill level 1 in Maces & Flails
  1486 | D:2      | Reached skill level 1 in Polearms
  1486 | D:2      | Reached skill level 1 in Staves
  1486 | D:2      | Reached skill level 1 in Slings
  1486 | D:2      | Reached skill level 1 in Bows
  1486 | D:2      | Reached skill level 1 in Crossbows
  1486 | D:2      | Reached skill level 1 in Throwing
  1486 | D:2      | Reached skill level 1 in Stealth
  1486 | D:2      | Reached skill level 1 in Shields
  1486 | D:2      | Reached skill level 1 in Unarmed Combat
  1486 | D:2      | Reached skill level 1 in Spellcasting
  1486 | D:2      | Reached skill level 1 in Evocations
  1517 | D:2      | Found a basalt altar of Yredelemnul.
  1543 | D:2      | Reached XP level 4. HP: 36/41 MP: 5/5
  1544 | D:2      | XOM: silly message
  1642 | D:2      | XOM: mild Necr miscast
  1776 | D:2      | Noticed Natasha
  1784 | D:2      | Killed Natasha
  1790 | D:2      | Reached skill level 1 in Conjurations
  1790 | D:2      | Reached skill level 1 in Hexes
  1790 | D:2      | Reached skill level 1 in Charms
  1790 | D:2      | Reached skill level 1 in Summonings
  1790 | D:2      | Reached skill level 1 in Necromancy
  1790 | D:2      | Reached skill level 1 in Translocations
  1790 | D:2      | Reached skill level 1 in Transmutations
  1790 | D:2      | Reached skill level 1 in Fire Magic
  1790 | D:2      | Reached skill level 1 in Ice Magic
  1790 | D:2      | Reached skill level 1 in Air Magic
  1790 | D:2      | Reached skill level 1 in Earth Magic
  1790 | D:2      | Reached skill level 1 in Poison Magic
  1859 | D:2      | Found an iron altar of Okawaru.
  1859 | D:2      | Found a radiant altar of Vehumet.
  1865 | D:2      | XOM: give mutations
  1865 | D:2      | Gained mutation: You are very dopey. (Int -4) [Xom's mischief]
  1865 | D:2      | Gained mutation: Scrolls take you a little longer to read. [Xom's mischief]
  1865 | D:2      | Gained mutation: You are frail. (-10% HP) [Xom's mischief]
  2050 | D:2      | Noticed Natasha
  2060 | D:2      | Killed Natasha
  2060 | D:2      | Reached XP level 5. HP: 22/42 MP: 6/6
  2081 | D:2      | Noticed Natasha
  2090 | D:2      | Killed Natasha
  2299 | D:2      | XOM: god gift: flail {god gift}
  2453 | D:3      | XOM: god gift: wand of scattershot (6)
  2467 | D:3      | XOM: mild Tmut miscast
  2663 | D:3      | XOM: scenery: create altars
  2714 | D:3      | Reached XP level 6. HP: 37/47 MP: 8/8
  2778 | D:3      | Found a white marble altar of Elyvilon.
  2800 | D:3      | Found a shimmering altar of Xom.
  2800 | D:3      | XOM: 2-stop teleportation journey
  2966 | D:3      | XOM: cleaving
  2969 | D:3      | Reached skill level 5 in Armour
  2977 | D:3      | XOM: mild Erth miscast
  3165 | D:3      | XOM is BORED!
  3208 | D:3      | Found a runed gate.
  3208 | D:3      | Found a runed gate.
  3210 | D:3      | Found a runed gate.
  3215 | D:3      | Noticed stickyfingers's ghost (amateur TeWr)
  3248 | D:3      | Found a glowing golden altar of the Shining One.
  3251 | D:3      | Found a deep blue altar of Sif Muna.
  3254 | D:3      | Found a blossoming altar of Fedhas.
  3394 | D:3      | XOM: swap monsters
  3866 | D:4      | XOM: noise
  4002 | D:4      | Got a shimmering robe
  4013 | D:4      | Identified the cursed +1 robe of Tamil {rElec MP+9} (You found it on level 4 of the Dungeon)
  4071 | D:4      | Found Yckibbih's Antique Armour Shoppe.
  4081 | D:4      | Bought a buckler for 103 gold pieces
  4124 | D:4      | Reached XP level 7. HP: 49/53 MP: 10/10
  4199 | D:4      | XOM: mild Hex miscast
  4406 | D:4      | Found a staircase to the Ecumenical Temple.
  4415 | Temple   | Entered the Ecumenical Temple
  4782 | D:5      | Entered Level 5 of the Dungeon
  5217 | D:5      | XOM: 1-stop teleportation journey
  5332 | D:6      | XOM: confusion
  5333 | D:6      | HP: 2/54 [jelly (2)]
  5333 | D:6      | Splashed by a jelly's acid

Skill      XL: |  1  2  3  4  5  6  7 |
---------------+----------------------+-----
Invocations    | 1 2 3 |  3.0
Short Blades   | 1 2 |  2.7
Long Blades    | 1 2 |  2.7
Maces & Flails | 1 2 |  2.7
Polearms       | 1 2 |  2.7
Staves         | 1 2 |  2.7
Slings         | 1 2 |  2.7
Bows           | 1 2 |  2.7
Crossbows      | 1 2 |  2.7
Throwing       | 1 2 |  2.7
Stealth        | 1 2 |  2.7
Shields        | 1 2 |  2.7
Unarmed Combat | 1 2 |  2.7
Spellcasting   | 1 2 |  2.7
Evocations     | 1 2 |  2.7
Conjurations   | 1 2 |  2.2
Hexes          | 1 2 |  2.2
Charms         | 1 2 |  2.2
Summonings     | 1 2 |  2.2
Necromancy     | 1 2 |  2.2
Translocations | 1 2 |  2.2
Transmutations | 1 2 |  2.2
Fire Magic     | 1 2 |  2.2
Ice Magic      | 1 2 |  2.2
Air Magic      | 1 2 |  2.2
Earth Magic    | 1 2 |  2.2
Poison Magic   | 1 2 |  2.2
Dodging        | 3 |  3.8
Armour         | 5 |  5.4
Fighting       | 7 |  7.1
Axes           | 7 |  7.1

Action                   |  1- 3 |  4- 6 |  7- 9 || total
-------------------------+-------+-------+-------++-------
Melee: Hand axe          |    69 |   131 |    95 ||   295
       Bite              |     4 |    21 |    13 ||    38
       Punch             |       |     2 |       ||     2
  Use: Scroll            |       |     1 |     3 ||     4
       Potion            |       |       |     4 ||     4
 Stab: Paralysed         |       |     1 |       ||     1
       Confused          |       |     4 |     1 ||     5
       Sleeping          |       |     3 |     4 ||     7
       Distracted        |       |       |     1 ||     1
  Eat: Chunk             |     2 |     8 |     1 ||    11
       Ration            |       |       |     1 ||     1
Armor: Leather armour    |    22 |    23 |       ||    45
       Robe              |       |       |    13 ||    13
Dodge: Dodged            |    38 |    71 |    48 ||   157
Block: Buckler           |       |     2 |    20 ||    22
